 Dungeon Crawl Stone Soup version 0.26.1-11-gd32895ea62 (webtiles) character file.

Game seed: 18207846277757432975

124358 jlumianski the Thaumaturge (level 16, 0/127 HPs)
             Began as a Gnoll Warper on July 8, 2021.
             Was the Champion of Qazlal.
             Slain by a boulder beetle (36 damage)
             ... on level 2 of the Spider Nest on July 9, 2021.
             The game lasted 02:58:03 (32120 turns).

jlumianski the Thaumaturge (Gnoll Warper)          Turns: 32120, Time: 02:58:04

Health: 0/127      AC: 22    Str: 21    XL:     16   Next: 93%
Magic:  33/35      EV: 17    Int: 26    God:    Qazlal [******]
Gold:   1472       SH: 19    Dex: 12    Spells: 24/39 levels left

rFire    x . .     SeeInvis .   F - +10 whip of Pride {elec, rN+}
rCold    . . .     Faith    .   J - +0 buckler
rNeg     + + +     Spirit   .   b - +2 ring mail of the Red Skies {rF- rN+++ rCorr Int+4}
rPois    .         Reflect  +   C - +1 hat of Circular Logic {rElec Str+7 Dex-3}
rElec    +         Harm     .   o - +0 cloak
rCorr    +         Rampage  +   N - +2 pair of gloves
Will     +....                  D - +2 pair of boots {rampage}
Stlth    +.........             a - amulet of reflection
HPRegen  0.31/turn              q - +4 ring of slaying
MPRegen  0.24/turn              u - ring of Kyecsic {+Fly rN+ Slay+5}

@: wereblooded, protected from physical damage, repel missiles
A: distributed training, fangs 1, high mp 1, mutation resistance 1, wild magic
1, MP-powered wands, strong nose
a: Renounce Religion, Evoke Flight, Upheaval, Elemental Force, Disaster Area


You were on level 2 of the Spider Nest.
You worshipped Qazlal.
Qazlal was exalted by your worship.
You visited 3 branches of the dungeon, and saw 23 of its levels.
You also visited: Gauntlet.

You collected 2852 gold pieces.
You spent 1380 gold pieces at shops.

Inventory:

Hand Weapons
 F - the +10 whip of Pride (weapon) {elec, rN+}
   (You took it off a centaur on level 5 of the Dungeon)

   Occasionally, upon striking a foe, it can discharge electrical energy and
   cause terrible harm.
   It protects you from negative energy.
Missiles
 e - 5 boomerangs of dispersal
 r - 5 throwing nets
 A - 142 poisoned darts
 P - 15 javelins (quivered)
Armour
 b - the +2 ring mail of the Red Skies (worn) {rF- rN+++ rCorr Int+4}
   (You acquired it on level 8 of the Dungeon)

   It affects your intelligence (+4).
   It makes you vulnerable to fire.
   It renders you almost immune to negative energy.
   It provides partial protection from all sources of acid and corrosion.
 o - a +0 cloak (worn)
 C - the +1 hat of Circular Logic (worn) {rElec Str+7 Dex-3}
   (You found it in a Gauntlet)

   It affects your strength (+7).
   It affects your dexterity (-3).
   It insulates you from electricity.
 D - a +2 pair of boots of rampaging (worn)
 J - a +0 buckler (worn)
 N - a +2 pair of gloves (worn)
Jewellery
 a - an amulet of reflection (around neck)
 g - an uncursed ring of see invisible
 q - a +4 ring of slaying (left hand)
 t - an uncursed ring of poison resistance
 u - the ring of Kyecsic (right hand) {+Fly rN+ Slay+5}
   (You found it in a Gauntlet)

   [ring of flight]

   It affects your accuracy and damage with ranged weapons and melee attacks
   (+5).
   It protects you from negative energy.
   It lets you fly.
 G - an uncursed ring of fire
 L - an uncursed ring of resist corrosion
 M - an uncursed ring of ice
Wands
 h - a wand of flame (56)
 k - a wand of polymorph (6)
 x - a wand of disintegration (36)
 z - a wand of paralysis (19)
 U - a wand of iceblast (11)
Scrolls
 c - 11 scrolls of remove curse
 d - 6 scrolls of blinking
 f - 14 scrolls of teleportation
 j - a scroll of fear
 n - 5 scrolls of fog
 w - a scroll of magic mapping
 Q - a scroll of identify
Potions
 p - 3 potions of haste
 v - 4 potions of flight
 B - 12 potions of curing
 I - 6 potions of heal wounds
 S - a potion of cancellation
 X - 2 potions of might
Miscellaneous
 i - a phantom mirror (inert)
 m - a condenser vane


   Skills:
 + Level 12.0 Fighting
 + Level 11.2 Short Blades
 + Level 11.2 Long Blades
 + Level 12.0 Axes
 + Level 11.2 Maces & Flails
 + Level 11.2 Polearms
 + Level 11.2 Staves
 + Level 11.2 Slings
 + Level 11.2 Bows
 + Level 11.2 Crossbows
 + Level 11.4 Throwing
 + Level 11.4 Armour
 + Level 12.0 Dodging
 + Level 11.2 Stealth
 + Level 11.2 Shields
 + Level 11.2 Unarmed Combat
 + Level 12.1 Spellcasting
 + Level 9.5 Conjurations
 + Level 9.5 Hexes
 + Level 9.5 Summonings
 + Level 9.5 Necromancy
 + Level 10.9 Translocations
 + Level 9.5 Transmutations
 + Level 9.5 Fire Magic
 + Level 9.5 Ice Magic
 + Level 9.5 Air Magic
 + Level 9.5 Earth Magic
 + Level 9.5 Poison Magic
 + Level 12.1 Invocations
 + Level 11.2 Evocations


You had 24 spell levels left.
You knew the following spells:

 Your Spells              Type           Power        Failure   Level
a - Blink                 Tloc           N/A          1%          2
b - Gell's Gravitas       Tloc           38%          1%          3
c - Wereblood             Tmut           71%          1%          2
d - Lightning Bolt        Conj/Air       35%          5%          5
e - Inner Flame           Hex/Fire       71%          1%          3

Your spell library contained the following spells:

 Spells                   Type           Power        Failure   Level
 Animate Skeleton         Necr           100%         1%          1
 Apportation              Tloc           100%         1%          1
 Beastly Appendage        Tmut           100%         1%          1
 Corona                   Hex            78%          1%          1
 Freeze                   Ice            100%         1%          1
 Magic Dart               Conj           100%         1%          1
 Pain                     Necr           100%         1%          1
 Summon Small Mammal      Summ           100%         1%          1
 Call Imp                 Summ           71%          1%          2
 Slow                     Hex            71%          1%          2
 Call Canine Familiar     Summ           71%          1%          3
 Dazzling Flash           Conj/Hex       100%         1%          3
 Frozen Ramparts          Ice            100%         1%          3
 Ignite Poison            Fire/Tmut/Pois 71%          1%          3
 Lesser Beckoning         Tloc           38%          1%          3
 Ozocubu's Armour         Ice            71%          1%          3
 Portal Projectile        Hex/Tloc       100%         1%          3
 Spider Form              Tmut/Pois      35%          1%          3
 Summon Guardian Golem    Hex/Summ       71%          1%          3
 Teleport Other           Tloc           76%          1%          3
 Vampiric Draining        Necr           35%          1%          3
 Passage of Golubria      Tloc           N/A          1%          4
 Animate Dead             Necr           35%          2%          4
 Cause Fear               Hex            35%          2%          4
 Hailstorm                Conj/Ice       71%          2%          4
 Ice Form                 Ice/Tmut       71%          2%          4
 Leda's Liquefaction      Hex/Erth       35%          2%          4
 Summon Ice Beast         Ice/Summ       71%          2%          4
 Summon Lightning Spire   Summ/Air       71%          2%          4
 Agony                    Necr           71%          5%          5
 Blade Hands              Tmut           35%          5%          5
 Bolt of Magma            Conj/Fire/Erth 35%          5%          5
 Fireball                 Conj/Fire      35%          5%          5
 Iskenderun's Battlesphe  Conj           71%          5%          5
 Silence                  Hex/Air        35%          5%          5
 Yara's Violent Unravell  Hex/Tmut       35%          5%          5
 Iron Shot                Conj/Erth      35%          24%         6
 Starburst                Conj/Fire      35%          24%         6
 Statue Form              Tmut/Erth      47%          24%         6
 Orb of Destruction       Conj           35%          75%         7
 Spellforged Servitor     Conj/Summ      35%          75%         7
 Chain Lightning          Conj/Air       35%          100%        8
 Discord                  Hex            35%          100%        8
 Ignition                 Fire           35%          100%        8
 Lehudib's Crystal Spear  Conj/Erth      35%          100%        8
 Absolute Zero            Ice            35%          100%        9
 Fire Storm               Conj/Fire      35%          100%        9
 Shatter                  Erth           35%          100%        9


Dungeon Overview and Level Annotations

Branches:
Dungeon (15/15)            Temple (0/1) D:7            Lair (6/6) D:8
  Swamp (0/4) Lair:3       Spider (2/4) Lair:2        Slime (0/5) Lair:6
    Orc (0/2) D:9          Vaults (0/5) D:14         Depths (0/5) D:15
Gauntlet (visited)

Altars:
Cheibriados
Elyvilon
Fedhas
Gozag
Hepliaklqana
Makhleb
Nemelex Xobeh
Okawaru
Qazlal
Sif Muna
Trog
Wu Jian
Xom
Yredelemnul
The Shining One

Shops:
D:6 [   D:13 *==*   D:15 =[(

Annotations:
Lair:6 exclusion: 2 oklob plants


Innate Abilities, Weirdness & Mutations

Your experience applies equally to all skills.
You have very sharp teeth.
Your uncanny sense of smell can sniff out nearby items.
You have an increased reservoir of magic. (+10% MP)
You are somewhat resistant to further mutation.
Your spells are a little harder to cast, but a little more powerful.
You expend magic power (3 MP) to strengthen your wands.


Message History

Qazlal accepts your kill.
The wolf spider is engulfed in freezing vapours.
The boulder beetle curls into a ball and begins rolling!
The wolf spider misses you. You block the wolf spider's attack.
You see here a jumping spider corpse.
The demonic crawler is struck by lightning.
The wolf spider hits you.
* * * LOW HITPOINT WARNING * * *
You feel protected from physical attacks.
You block the wolf spider's attack.
You hear an angry hiss. x2
The wolf spider is engulfed in freezing vapours.
The wolf spider closely misses you. The wolf spider completely misses you.
The demonic crawler is engulfed in freezing vapours.
Things that are here:
a redback corpse; a demonic crawler corpse You block the wolf spider's attack. x2
There is a stone staircase leading up here.
The boulder beetle hits you!!!
You die...

#..
###.†##°##
####..#.†°##
.°.
#..#..##.°#
.#°.#
#....#..}.#
#..#
#..##°○.# ##
#.##...○#.#
#....#^.####
∆
.=......°†^##
#..##.##†°s@#
## ## ##sB##
)...°.^#
#....#..#
#########


You could see a boulder beetle, a demonic crawler and a wolf spider.

Vanquished Creatures
  Jorgrun (D:15)
  Asterion (Lair:2)
  Agnes (D:15)
  Roxanne (D:15)
  An emperor scorpion (Spider:2)
  A minotaur (Gauntlet)
  Josephine (D:15)
  A fire dragon (Lair:6)
  10 hydras
  5 boulder beetles
  6 centaur warriors
  8 two-headed ogres
  2 death knights
  An ogre mage (D:15)
  11 death yaks
  Sonja (Lair:2)
  A fire crab (Lair:6)
  4 sixfirhies (Gauntlet)
  3 skeletal warriors
  3 bog bodies (Lair:3)
  6 unseen horrors
  A necromancer (D:15)
  A phantasmal warrior (D:10)
  A wolf spider zombie (D:15)
  4 orb spiders
  2 orc sorcerers (D:15)
  An orc knight (D:14)
  3 wolf spiders (Spider:1)
  A mana viper (shapeshifter) (D:15)
  6 ugly things
  A deep elf mage (D:15)
  2 manticores (D:13)
  A moth of wrath (Spider:1)
  5 cyclopes
  7 black mambas
  3 molten gargoyles (Lair:6)
  2 torpor snails
  A naga mage (D:15)
  2 gargoyles
  12 cane toads
  A minotaur zombie (Gauntlet)
  13 komodo dragons
  3 kobold demonologists
  An efreet (D:14)
  4 demonic crawlers
  2 rime drakes
  A merfolk (D:12)
  8 jumping spiders
  7 polar bears
  2 hornets
  5 trolls
  A blink frog (shapeshifter) (D:13)
  18 blink frogs
  Prince Ribbit (D:8)
  A harpy skeleton (D:14)
  A meliai zombie (D:15)
  2 spriggans (shapeshifter) (D:15)
  4 wraiths
  3 shadows
  6 wyverns
  A ynoxinul (Gauntlet)
  20 redbacks
  43 yaks
  8 tarantellas
  7 basilisks
  11 humans (D:14)
  A steam dragon (Lair:6)
  2 soldier ants
  3 acid dragons
  4 hell hounds (Lair:6)
  3 swamp worms (Lair:3)
  A floating eye (shapeshifter) (D:14)
  19 water moccasins
  9 orc warriors
  5 sky beasts
  2 black bears
  3 ice beasts
  5 eyes of draining
  A necrophage (D:14)
  4 phantoms
  23 wolves
  10 ogres
  20 centaurs
  10 big kobolds
  25 bullfrogs
  A wyvern zombie (D:15)
  5 scorpions
  6 wights
  7 killer bees
  3 electric eels
  8 howler monkeys
  5 centaur zombies
  8 hounds
  5 lava snakes (Lair:6)
  5 bullfrog skeletons
  A gnoll shaman (D:10)
  5 jellies
  6 orc priests
  24 orc wizards
  3 iron imps
  5 iguanas
  4 hell rats (Lair:3)
  10 worker ants
  Terence (D:2)
  A hound zombie (D:3)
  Robin (D:1)
  2 worker ant zombies
  16 adders
  13 gnolls
  3 river rats (Lair:3)
  3 shadow imps
  2 white imps
  2 ufetubi (D:5)
  3 oozes (Lair:6)
  2 adder skeletons
  2 worms
  2 dart slugs
  10 leopard geckos
  54 orcs
  4 giant cockroaches
  23 goblins
  11 hobgoblins
  14 jackals
  4 quokkas
  9 bats
  3 frilled lizards
  32 kobolds
  A quokka skeleton (D:5)
  12 rats
790 creatures vanquished.

Vanquished Creatures (collateral kills)
  A two-headed ogre (D:14)
  A redback (Spider:2)
  4 humans (D:14)
  A goblin (D:11)
7 creatures vanquished.

Vanquished Creatures (others)
  5 dream sheep (Lair:1)
  A human (D:14)
  A worker ant (D:14)
  An ufetubus (D:7)
  2 kobolds
  A bush (Lair:3)
  41 demonic plants (Gauntlet)
  35 fungi
  103 plants
190 creatures vanquished.

Grand Total: 987 creatures vanquished

Notes
Turn   | Place    | Note
-------+----------+-------------------------------------------
     0 | D:1      | jlumianski the Gnoll Warper began the quest for the Orb.
     0 | D:1      | Reached XP level 1. HP: 20/20 MP: 6/6
   330 | D:1      | Reached XP level 2. HP: 18/26 MP: 7/7
   333 | D:1      | Learned a level 2 spell: Blink
  1016 | D:1      | Reached XP level 3. HP: 31/31 MP: 9/9
  1067 | D:2      | Reached skill level 5 in Spellcasting
  1152 | D:2      | Found a stormy altar of Qazlal.
  1168 | D:2      | Reached skill level 1 in Invocations
  1169 | D:2      | Became a worshipper of Qazlal Stormbringer
  1320 | D:1      | Learned a level 3 spell: Gell's Gravitas
  1515 | D:2      | Noticed Robin
  1523 | D:2      | Reached skill level 1 in Short Blades
  1523 | D:2      | Reached skill level 1 in Long Blades
  1523 | D:2      | Reached skill level 1 in Maces & Flails
  1523 | D:2      | Reached skill level 1 in Polearms
  1523 | D:2      | Reached skill level 1 in Staves
  1523 | D:2      | Reached skill level 1 in Slings
  1523 | D:2      | Reached skill level 1 in Bows
  1523 | D:2      | Reached skill level 1 in Crossbows
  1523 | D:2      | Reached skill level 1 in Stealth
  1523 | D:2      | Reached skill level 1 in Shields
  1523 | D:2      | Reached skill level 1 in Unarmed Combat
  1523 | D:2      | Reached skill level 1 in Evocations
  1528 | D:2      | Reached XP level 4. HP: 16/36 MP: 3/11
  1699 | D:1      | Killed Robin
  2235 | D:2      | Noticed Terence
  2254 | D:2      | Killed Terence
  2255 | D:2      | Reached skill level 1 in Conjurations
  2255 | D:2      | Reached skill level 1 in Hexes
  2255 | D:2      | Reached skill level 1 in Summonings
  2255 | D:2      | Reached skill level 1 in Necromancy
  2255 | D:2      | Reached skill level 1 in Transmutations
  2255 | D:2      | Reached skill level 1 in Fire Magic
  2255 | D:2      | Reached skill level 1 in Ice Magic
  2255 | D:2      | Reached skill level 1 in Air Magic
  2255 | D:2      | Reached skill level 1 in Earth Magic
  2255 | D:2      | Reached skill level 1 in Poison Magic
  2566 | D:2      | Reached * piety under Qazlal
  2856 | D:2      | Reached XP level 5. HP: 43/43 MP: 9/12
  3060 | D:3      | Found a blossoming altar of Fedhas.
  3150 | D:3      | Noticed an ice beast
  3164 | D:3      | Killed an ice beast
  3165 | D:3      | Reached XP level 6. HP: 50/50 MP: 6/13
  3303 | D:3      | Paralysed by an orc for 3 turns
  3390 | D:3      | Reached ** piety under Qazlal
  3399 | D:3      | Reached skill level 5 in Fighting
  3399 | D:3      | Reached skill level 5 in Axes
  3399 | D:3      | Reached skill level 5 in Dodging
  3621 | D:3      | Found an iron altar of Okawaru.
  3763 | D:3      | Found a bloodstained altar of Trog.
  3763 | D:3      | Noticed an eye of draining
  3763 | D:3      | Noticed an eye of draining
  3763 | D:3      | Noticed an eye of draining
  3789 | D:3      | Killed an eye of draining
  3798 | D:3      | Killed an eye of draining
  3799 | D:3      | Reached XP level 7. HP: 49/56 MP: 1/15
  4727 | D:4      | Found a white marble altar of Elyvilon.
  4867 | D:4      | Found a sparkling altar of Nemelex Xobeh.
  4951 | D:4      | You fall into a shaft and drop 2 floors!
  4959 | D:5      | Entered Level 5 of the Dungeon
  5248 | D:4      | Reached XP level 8. HP: 63/63 MP: 14/16
  5676 | D:5      | Identified the +10 whip of Pride {elec, rN+}
  5944 | D:5      | Found a glowing golden altar of the Shining One.
  6458 | D:6      | Reached *** piety under Qazlal
  6575 | D:6      | Found Ryloisih's Antique Armour Boutique.
  6630 | D:6      | Bought a shiny buckler for 157 gold pieces
  6630 | D:6      | Bought a heavily runed ring mail for 189 gold pieces
  6643 | D:6      | Reached XP level 9. HP: 47/69 MP: 18/18
  6653 | D:6      | Identified the +6 ring mail "Otiaduc" {rN+ Str+3 Int-4}
                  | (You bought it in a shop on level 6 of the Dungeon)
  6753 | D:6      | Reached skill level 5 in Short Blades
  6753 | D:6      | Reached skill level 5 in Long Blades
  6753 | D:6      | Reached skill level 5 in Maces & Flails
  6753 | D:6      | Reached skill level 5 in Polearms
  6753 | D:6      | Reached skill level 5 in Staves
  6753 | D:6      | Reached skill level 5 in Slings
  6753 | D:6      | Reached skill level 5 in Bows
  6753 | D:6      | Reached skill level 5 in Crossbows
  6753 | D:6      | Reached skill level 5 in Stealth
  6753 | D:6      | Reached skill level 5 in Shields
  6753 | D:6      | Reached skill level 5 in Unarmed Combat
  6753 | D:6      | Reached skill level 5 in Evocations
  6753 | D:6      | Reached XP level 10. HP: 79/79 MP: 18/21
  6897 | D:6      | Found a shimmering blue altar of Sif Muna.
  7356 | D:7      | Found a burning altar of Makhleb.
  7356 | D:7      | Found a hazy altar of Hepliaklqana.
  7364 | D:7      | Found a faded altar of an unknown god.
  7367 | D:7      | Found an opulent altar of Gozag.
  7369 | D:7      | Found a basalt altar of Yredelemnul.
  7437 | D:7      | Found a staircase to the Ecumenical Temple.
  7722 | D:7      | You fall into a shaft and drop 3 floors!
  7722 | D:10     | Entered Level 10 of the Dungeon
  7839 | D:9      | Found a staircase to the Orcish Mines.
  7856 | D:9      | Noticed a lindwurm
  7934 | D:8      | Reached skill level 5 in Conjurations
  7934 | D:8      | Reached skill level 5 in Hexes
  7934 | D:8      | Reached skill level 5 in Summonings
  7934 | D:8      | Reached skill level 5 in Necromancy
  7934 | D:8      | Reached skill level 5 in Transmutations
  7934 | D:8      | Reached skill level 5 in Fire Magic
  7934 | D:8      | Reached skill level 5 in Ice Magic
  7934 | D:8      | Reached skill level 5 in Air Magic
  7934 | D:8      | Reached skill level 5 in Earth Magic
  7934 | D:8      | Reached skill level 5 in Poison Magic
  7940 | D:8      | Reached **** piety under Qazlal
  7961 | D:8      | Noticed Prince Ribbit
  8017 | D:8      | Found a staircase to the Lair.
  8027 | D:8      | Killed Prince Ribbit
  8149 | D:7      | Found an ornate altar of the Wu Jian Council.
  8724 | D:8      | Noticed a two-headed ogre
  8729 | D:8      | Killed a two-headed ogre
  8952 | D:8      | Got a glimmering rapier
  8953 | D:8      | Identified the +1 rapier "Culel" {vorpal, rPois Str+4
                  | Dex+3} (You found it on level 8 of the Dungeon)
 10180 | D:8      | Reached XP level 11. HP: 86/86 MP: 23/23
 10210 | D:9      | Noticed a lindwurm
 10210 | D:9      | Noticed a lindwurm
 10355 | D:9      | Learned a level 2 spell: Wereblood
 10374 | D:9      | Found a snail-covered altar of Cheibriados.
 10627 | D:9      | Noticed a lindwurm
 11142 | D:9      | Reached XP level 12. HP: 94/94 MP: 24/24
 11237 | D:10     | Reached ***** piety under Qazlal
 11659 | Lair:1   | Entered Level 1 of the Lair of Beasts
 12192 | D:11     | Noticed a soul eater
 12422 | D:11     | Noticed a death knight
 12740 | D:10     | Killed a death knight
 13425 | D:11     | Learned a level 1 spell: Summon Small Mammal
 13429 | D:11     | Learned a level 3 spell: Inner Flame
 13538 | D:11     | Noticed a boulder beetle
 13555 | D:11     | Killed a boulder beetle
 14041 | D:11     | Got a shimmering hat
 14042 | D:11     | Identified the +0 hat "Ejus" {Dex+4} (You found it on level
                  | 11 of the Dungeon)
 14084 | D:12     | Reached XP level 13. HP: 79/101 MP: 26/26
 14200 | D:12     | Found a gate leading to a gauntlet.
 14210 | Gauntlet | Entered a Gauntlet
 14210 | Gauntlet | Found a transporter.
 14210 | Gauntlet | Found a transporter.
 14210 | Gauntlet | Found a transporter.
 14214 | Gauntlet | Found a transporter.
 14214 | Gauntlet | Found a transporter.
 14214 | Gauntlet | Found a transporter.
 14229 | Gauntlet | Found a transporter.
 14233 | Gauntlet | Found a transporter.
 14249 | Gauntlet | Found a transporter.
 14254 | Gauntlet | Found a transporter.
 14274 | Gauntlet | Found a transporter.
 14278 | Gauntlet | Found a transporter.
 14464 | Gauntlet | Got a slimy granite ring
 14466 | Gauntlet | Got an ancient helmet
 14477 | Gauntlet | Identified the cursed +0 helmet "Wyvoz" {Str+2} (You found
                  | it in a Gauntlet)
 14607 | Gauntlet | Got a pitted hat
 14621 | Gauntlet | Identified the +1 hat of Circular Logic {rElec Str+7 Dex-3}
                  | (You found it in a Gauntlet)
 14883 | Gauntlet | Noticed a minotaur
 14902 | Gauntlet | Killed a minotaur
 15261 | D:12     | You fall into a shaft and drop 2 floors!
 15350 | D:14     | Reached ****** piety under Qazlal
 15560 | D:14     | Reached skill level 10 in Spellcasting
 15672 | D:14     | Found a gate to the Vaults.
 15731 | D:13     | Found Xaroili's Assorted Antiques.
 15739 | D:13     | Reached skill level 10 in Fighting
 15739 | D:13     | Reached skill level 10 in Axes
 15739 | D:13     | Reached skill level 10 in Dodging
 16085 | D:12     | Reached XP level 14. HP: 110/110 MP: 28/28
 16142 | D:12     | Gained mutation: Your spells are a little harder to cast,
                  | but a little more powerful. [potion of mutation]
 16142 | D:12     | Gained mutation: You have an increased reservoir of magic.
                  | (+10% MP) [potion of mutation]
 16142 | D:12     | Gained mutation: You evolve. [potion of mutation]
 16143 | D:12     | Lost mutation: You evolve. [potion of mutation]
 16143 | D:12     | Gained mutation: You are somewhat resistant to further
                  | mutation. [potion of mutation]
 16143 | D:12     | Gained mutation: You expend magic power (3 MP) to
                  | strengthen your wands. [potion of mutation]
 17173 | D:13     | Found Ramaofuedghe's Jewellery Shop.
 17178 | D:13     | Bought an uncursed ring of see invisible for 255 gold
                  | pieces
 17301 | D:8      | Identified 3 scrolls of acquirement
 17301 | D:8      | Acquired the +2 ring mail of the Red Skies {rF- rN+++ rCorr
                  | Int+4}
 17320 | D:8      | Acquired the Almanac of Battle Magic
 17322 | D:8      | Acquired 671 gold pieces
 17806 | Lair:1   | Got a distressingly furry buckler
 17813 | Lair:1   | Identified the ring of Kyecsic {+Fly rN+ Slay+5} (You found
                  | it in a Gauntlet)
 17826 | Lair:1   | Identified the cursed +0 buckler of Xusunam {*Drain MP+9
                  | Str-2 SInv} (You found it on level 1 of the Lair of Beasts)
 18111 | Lair:1   | Found a shimmering altar of Xom.
 18361 | Lair:2   | Noticed Sonja
 18557 | Lair:2   | Found a hole to the Spider Nest.
 18799 | Lair:2   | Killed Sonja
 18807 | Lair:2   | Reached skill level 10 in Invocations
 18889 | Lair:2   | Found a transporter.
 18901 | Lair:2   | Found a transporter.
 20071 | Lair:3   | Found a staircase to the Swamp.
 21112 | Lair:4   | Found a stormy altar of Qazlal.
 21710 | Lair:4   | Reached skill level 10 in Throwing
 21710 | Lair:4   | Reached skill level 10 in Armour
 22742 | Lair:4   | Reached XP level 15. HP: 105/117 MP: 32/32
 23336 | Lair:5   | Reached skill level 10 in Translocations
 24140 | Lair:6   | Entered Level 6 of the Lair of Beasts
 24167 | Lair:6   | Reached skill level 10 in Short Blades
 24167 | Lair:6   | Reached skill level 10 in Long Blades
 24167 | Lair:6   | Reached skill level 10 in Maces & Flails
 24167 | Lair:6   | Reached skill level 10 in Polearms
 24167 | Lair:6   | Reached skill level 10 in Staves
 24167 | Lair:6   | Reached skill level 10 in Slings
 24167 | Lair:6   | Reached skill level 10 in Bows
 24167 | Lair:6   | Reached skill level 10 in Crossbows
 24167 | Lair:6   | Reached skill level 10 in Stealth
 24167 | Lair:6   | Reached skill level 10 in Shields
 24167 | Lair:6   | Reached skill level 10 in Unarmed Combat
 24167 | Lair:6   | Reached skill level 10 in Evocations
 24351 | Lair:6   | Found a staircase to the Slime Pits.
 25785 | Lair:6   | Found a large runed translucent door.
 25785 | Lair:6   | Found a large runed translucent door.
 26791 | D:13     | Bought a paperback book for 405 gold pieces
 26791 | D:13     | Bought a scroll of amnesia for 94 gold pieces
 26797 | D:13     | Learned a level 5 spell: Lightning Bolt
 27447 | D:13     | Found Eress's Jewellery Emporium.
 27568 | D:13     | Found Aprugove's Assorted Antiques.
 28634 | D:15     | Entered Level 15 of the Dungeon
 28699 | D:14     | Reached XP level 16. HP: 108/125 MP: 34/34
 28795 | D:15     | Found Angeonar's Armour Boutique.
 28853 | D:15     | Noticed Josephine
 28865 | D:15     | Killed Josephine
 28871 | D:15     | Noticed Agnes
 28882 | D:15     | Killed Agnes
 29130 | D:15     | Paralysed by an orc sorcerer for 6 turns
 29310 | D:15     | Found Ozucag's Antique Weapon Shoppe.
 29377 | D:15     | Found a staircase to the Depths.
 29518 | D:15     | Noticed Roxanne
 29545 | D:15     | Killed Roxanne
 29733 | D:15     | Found Duexekunax's Jewellery Shop.
 29753 | D:15     | Bought an uncursed ring of resist corrosion for 280 gold
                  | pieces
 29909 | D:15     | Noticed Jorgrun
 29929 | D:15     | Killed Jorgrun
 31068 | Spider:1 | Entered Level 1 of the Spider Nest
 31068 | Spider:1 | Noticed Asterion
 31084 | Lair:2   | Killed Asterion
 32120 | Spider:2 | Slain by a boulder beetle

Illustrated notes

Levels and vault maps discovered:
D:1:      minmay_arrival_hallway, layout_basic
D:2:      layout_basic, nicolae_qazlal_general_emergency, uniq_robin,
          uniq_terence
D:3:      kb_forest_paths, layout_basic, lemuel_coloured_pillars_altar,
          trog_eyes_of_draining, fedhas_altar_2
D:4:      layout_loops_corners, kennysheep_mini_moat, marbit_many_paths
D:5:      layout_rooms, lemuel_crystal_altar
D:6:      layout_basic, led_sif_book, serial_shops, shop_statue
D:7:      layout_loops_corners, lemuel_crystal_altar,
          chequers_temple_overflow_minitemple, lemuel_temple_firewalk_b
D:8:      layout_layer_cave, lair_entry_dummy, serial_glass, glass_columns_a,
          glass_columns_a, glass_columns_b, glass_columns_b, glass_columns_a,
          glass_columns_b, glass_columns_a, glass_columns_a, glass_columns_a,
          glass_columns_b, glass_columns_c, glass_columns_b, glass_columns_b,
          glass_columns_a, uniq_prince_ribbit1
D:9:      layout_irregular_city, slow_altar_2, minmay_lindwurm_lava
D:10:     layout_gridville
D:11:     layout_long_grid, enter_bailey_5
D:12:     layout_layer_cave, gauntlet_entry_generic, hangedman_fish_farm
D:13:     layout_basic, serial_shops, nicolae_shop_crystal,
          nicolae_shop_statue_plus, kennysheep_little_box, shop_statue
D:14:     layout_roguey, david_vaults_3, hive_lemuel
D:15:     grunt_enter_depths_magical_seal, layout_loops_corners, serial_shops,
          nicolae_shop_statue_plus, nicolae_shop_statue_plus, shop,
          uniq_roxanne, uniq_jorgrun, uniq_agnes, uniq_josephine
Lair:1:   layout_regular_city, kb_xom_exploding_sheep
Lair:2:   gammafunk_boulding_lane, layout_loops_ring, spider_nest_entry_a,
          st_stairs_4, minmay_stone_trees_small, cheibrodos_lair_lostbears,
          uniq_sonja
Lair:3:   layout_cave_pods, nicolae_swamp_entry_splash_gauntlet,
          kennysheep_abandoned_house, grunt_megastairs_3
Lair:4:   cheibrodos_lair_overgrown_chateau, layout_cave_pods, basic_altar,
          serial_bayou_pond_c, serial_bayou_shore_b, infiniplex_staircase_pool_2
Lair:5:   layout_cellular_growth, grunt_megastairs_1
Lair:6:   cheibrodos_lair_end_hotspot, layout_cave_shapes,
          nicolae_slime_entry_slimehenge, minmay_lair_oklob_chamber,
          serial_bayou_shore_b
Spider:1: layout_spider_delve, drop_trap, uniq_asterion
Spider:2: layout_spider_delve, uniq_frances

Skill      XL: |  1  2  3  4  5  6  7  8  9 10 11 12 13 14 15 16 |
---------------+-------------------------------------------------+-----
Spellcasting   | 5 6 7 8 9 10 11 12 | 12.1
Invocations    | 1 2 3 4 6 7 8 9 10 11 12 | 12.1
Short Blades   | 1 2 3 5 6 7 8 9 10 11 | 11.2
Long Blades    | 1 2 3 5 6 7 8 9 10 11 | 11.2
Maces & Flails | 1 2 3 5 6 7 8 9 10 11 | 11.2
Polearms       | 1 2 3 5 6 7 8 9 10 11 | 11.2
Staves         | 1 2 3 5 6 7 8 9 10 11 | 11.2
Slings         | 1 2 3 5 6 7 8 9 10 11 | 11.2
Bows           | 1 2 3 5 6 7 8 9 10 11 | 11.2
Crossbows      | 1 2 3 5 6 7 8 9 10 11 | 11.2
Stealth        | 1 2 3 5 6 7 8 9 10 11 | 11.2
Shields        | 1 2 3 5 6 7 8 9 10 11 | 11.2
Unarmed Combat | 1 2 3 5 6 7 8 9 10 11 | 11.2
Evocations     | 1 2 3 5 6 7 8 9 10 11 | 11.2
Conjurations   | 1 2 3 4 5 6 7 8 9 |  9.5
Hexes          | 1 2 3 4 5 6 7 8 9 |  9.5
Summonings     | 1 2 3 4 5 6 7 8 9 |  9.5
Necromancy     | 1 2 3 4 5 6 7 8 9 |  9.5
Transmutations | 1 2 3 4 5 6 7 8 9 |  9.5
Fire Magic     | 1 2 3 4 5 6 7 8 9 |  9.5
Ice Magic      | 1 2 3 4 5 6 7 8 9 |  9.5
Air Magic      | 1 2 3 4 5 6 7 8 9 |  9.5
Earth Magic    | 1 2 3 4 5 6 7 8 9 |  9.5
Poison Magic   | 1 2 3 4 5 6 7 8 9 |  9.5
Throwing       | 3 4 6 7 8 9 10 11 | 11.4
Armour         | 3 4 6 7 8 9 10 11 | 11.4
Fighting       | 5 6 7 8 9 10 11 12 | 12.0
Axes           | 5 6 7 8 9 10 11 12 | 12.0
Dodging        | 5 6 7 8 9 10 11 12 | 12.0
Translocations | 6 7 8 9 10 | 10.9

Action                   |  1- 3 |  4- 6 |  7- 9 | 10-12 | 13-15 | 16-18 || total
-------------------------+-------+-------+-------+-------+-------+-------++-------
Melee: Hand axe          |   107 |   135 |   120 |       |       |       ||   362
       Bite              |     7 |    14 |    16 |    57 |   145 |    47 ||   286
       Punch             |       |     3 |     3 |       |       |       ||     6
       Whip              |       |       |    47 |   491 |   982 |   295 ||  1815
       Staff             |       |       |       |       |       |     2 ||     2
 Fire: Hunting sling     |       |    48 |    14 |       |       |       ||    62
Throw: Stone             |     5 |    12 |     2 |       |       |       ||    19
       Dart              |       |       |       |     5 |       |       ||     5
       Javelin           |       |       |       |     2 |     5 |       ||     7
 Cast: Blink             |     2 |    15 |     5 |     1 |     4 |     6 ||    33
       Gell's Gravitas   |     2 |     4 |     1 |    20 |     1 |     1 ||    29
       Wereblood         |       |       |       |     6 |    23 |     8 ||    37
       Summon Small Mamm |       |       |       |     4 |     4 |       ||     8
       Inner Flame       |       |       |       |     3 |     3 |       ||     6
       Lightning Bolt    |       |       |       |       |     1 |    12 ||    13
Invok: Elemental Force   |       |       |       |       |     1 |       ||     1
       Upheaval          |       |       |       |       |     1 |       ||     1
Evoke: Wand              |       |       |       |       |     2 |       ||     2
       Phantom mirror    |       |       |       |       |       |     1 ||     1
  Use: Scroll            |     1 |     1 |     1 |    18 |    15 |     1 ||    37
       Potion            |       |       |     6 |     3 |     9 |     1 ||    19
Armor: Leather armour    |    28 |     6 |       |       |       |       ||    34
       Ring mail         |       |    40 |    66 |    99 |   193 |    74 ||   472
Dodge: Dodged            |    99 |    84 |   127 |   196 |   360 |   106 ||   972
       Repelled          |       |       |       |     4 |     6 |     2 ||    12
Block: Other             |       |     4 |    25 |       |       |       ||    29
       Buckler           |       |       |       |   263 |   762 |   241 ||  1266
       Reflection        |       |       |       |     8 |    51 |     9 ||    68
